 Dungeon Crawl Stone Soup version 0.21-a0-55-gb612c23 (webtiles) character file.

56 HAL9000 the Skirmisher (level 3, -4/40 HPs)
             Began as an Ogre Hunter on June 15, 2017.
             Slain by Natasha (6 damage)
             ... on level 2 of the Dungeon.
             The game lasted 00:03:43 (2237 turns).

HAL9000 the Skirmisher (Ogre Hunter)                Turns: 2237, Time: 00:03:44

Health: -4/40      AC:  3    Str: 17    XL:     3   Next: 95%
Magic:  3/3        EV: 10    Int: 12    God:
Gold:   63         SH:  0    Dex:  9    Spells: 2/2 levels left

rFire    . . .     SeeInvis .   y - +0 rapier
rCold    . . .     Gourm    .   (no shield)
rNeg     . . .     Faith    .   b - +0 robe
rPois    .         Spirit   .   (helmet restricted)
rElec    .         Reflect  .   (no cloak)
rCorr    .         Harm     .   (gloves unavailable)
MR       .....     Rnd*Tele +   (boots unavailable)
Stlth    +.........             (no amulet)
HPRegen  0.13/turn              t - ring of teleportation (curse)
MPRegen  0.08/turn              (no ring)

@: slowed, very slow
A: unfitting armour, tough skin 1
a: no special abilities


You were on level 2 of the Dungeon.
You were not hungry.

You visited 1 branch of the dungeon, and saw 2 of its levels.

You collected 63 gold pieces.

Inventory:

Hand Weapons
 v - a +0 whip
 y - a +0 rapier (weapon)
Missiles
 c - 5 large rocks (quivered)
 d - 2 throwing nets
Armour
 b - a +0 robe (worn)
Jewellery
 t - a cursed ring of teleportation (left hand)
Scrolls
 x - a scroll of recharging {unknown}
 z - a scroll of remove curse {unknown}
 A - a scroll of identify {unknown}
Potions
 g - a potion of might {unknown}
 h - a potion of lignification {unknown}
 j - a potion of haste {unknown}
 o - a potion of flight {unknown}
 w - a potion of heal wounds {unknown}
 B - a potion of experience {unknown}
Comestibles
 f - 2 bread rations
 k - 2 fruits


   Skills:
 - Level 4.4 Fighting
 + Level 1.9 Maces & Flails
 - Level 4.0 Throwing
 - Level 1.7 Dodging
 - Level 0.6 Stealth


You had 2 spell levels left.
You didn't know any spells.

Dungeon Overview and Level Annotations

Branches:
Dungeon (2/15)

Altars:
Yredelemnul

Annotations:
D:2 Natasha


Innate Abilities, Weirdness & Mutations

You are too large for most types of armour.
You have tough skin. (AC +1)


Message History

The crimson imp hits you. Natasha claws you!
The crimson imp blinks!
Unknown command.
You hit Natasha.
Natasha is almost dead.
Natasha claws you.
Natasha hisses.
Natasha mumbles some strange words.
The crimson imp hits you but does no damage.
You closely miss Natasha.
Natasha is almost dead.
Natasha claws you.
* * * LOW HITPOINT WARNING * * *
The crimson imp closely misses you.
Natasha stares at you and mumbles some strange words.
The magic dart hits you!
* * * LOW HITPOINT WARNING * * *
You hit Natasha.
Natasha is almost dead.
The crimson imp completely misses you. Natasha claws you.
You die...

######### ### ##########
......(.## ..# #........#
.........#.### #.#
#.####.### .........#.# .
#.# #.# #.# .........#.#
#.#.# #.# #.#
...........#.#.#.######.#
#.#
...........#.....5......#
#.#
...........###.#@#####..#
#.#
..####.........#h#......#
#.#
########...#####5#.###.##
#.#
...............#.#.....#
#.#
########...#####.#######
#.# ..........>#####.#
#.# .................#
#.# .......##.########
########.###
.......##.#######
#..........#


You could see Natasha and 2 crimson imps.

Vanquished Creatures
  A worm (D:2)
  3 dart slugs
  A leopard gecko (D:2)
  3 giant cockroaches
  8 goblins
  4 hobgoblins (D:1)
  2 jackals (D:1)
  2 quokkas (D:2)
  4 bats
  4 frilled lizards (D:2)
  4 kobolds
  7 rats
43 creatures vanquished.

Notes
Turn   | Place    | Note
-------+----------+-------------------------------------------
     0 | D:1      | HAL9000 the Ogre Hunter began the quest for the Orb.
     0 | D:1      | Reached XP level 1. HP: 22/22 MP: 1/1
   126 | D:1      | Reached XP level 2. HP: 19/32 MP: 2/2
  1055 | D:2      | HP: 1/33 [worm (8)]
  1058 | D:2      | Reached XP level 3. HP: 1/40 MP: 3/3
  1283 | D:2      | Reached skill level 1 in Maces & Flails
  1634 | D:2      | Found a basalt altar of Yredelemnul.
  2225 | D:2      | Noticed Natasha
  2236 | D:2      | HP: 2/40 [Natasha/magic dart (8)]
  2237 | D:2      | Slain by Natasha

Vault maps used:
D:1:      nicolae_arrival_memento_mori, serial_park_tiny_1
D:2:      old_standard_altar, uniq_natasha

Skill      XL: |  1  2  3 |
---------------+----------+-----
Fighting       | 3 4 |  4.4
Maces & Flails | 1 |  1.9
Throwing       | |  4.0
Dodging        | |  1.7
Stealth        | |  0.6

Action                   || total
-------------------------++-------
Melee: Short sword       ||   120
       Rapier            ||    65
  Use: Scroll            ||     3
 Stab: Sleeping          ||     4
  Eat: Chunk             ||     4
Armor: Robe              ||    41
Dodge: Dodged            ||   105
